 Dungeon Crawl Stone Soup version 0.28.0-53-g5a82cb258f (webtiles) character file.

Game seed: 992628243042397247

325 DocClef the Spear-Bearer (level 6, -1/44 HPs)
             Began as a Merfolk Gladiator on June 29, 2022.
             Killed by divine providence
             ... invoked by an orc priest
              (15 damage)
             ... on level 3 of the Dungeon.
             The game lasted 00:02:40 (2107 turns).

DocClef the Spear-Bearer (Merfolk Gladiator)        Turns: 2107, Time: 00:02:41

Health: -1/44      AC: 11    Str: 16    XL:     6   Next: 48%
Magic:  6/6        EV: 10    Int:  8    God:
Gold:   154        SH:  0    Dex: 12    Spells: 5/5 levels left

rFire   . . .      SeeInvis .   a - +0 trident
rCold   . . .      Faith    .   (no shield)
rNeg    . . .      Spirit   .   n - +2 scale mail "Icrih" {Drain rElec Regen+ Dex-3}
rPois   .          Reflect  .   c - +0 helmet
rElec   +          Harm     .   (no cloak)
rCorr   .          Rampage  .   i - +1 pair of gloves
Will    .....                   (no boots)
Stlth   ..........              (no amulet)
HPRegen 0.94/turn               (no ring)
MPRegen 0.10/turn               (no ring)

@: no status effects
A: (nimble swimmer 2), mertail
a: no special abilities


You were on level 3 of the Dungeon.
You visited 1 branch of the dungeon, and saw 3 of its levels.

You collected 154 gold pieces.

Inventory:

Hand Weapons
 a - a +0 trident (weapon)
Missiles
 d - 3 throwing nets (quivered)
Armour
 c - a +0 helmet (worn)
 i - a +1 pair of gloves (worn)
 n - the +2 scale mail "Icrih" (worn) {Drain rElec Regen+ Dex-3}
   (You found it on level 2 of the Dungeon)

   Dex:       It affects your dexterity (-3).
   rElec:     It insulates you from electricity.
   Regen:     It increases your rate of health regeneration.
   Drain:     It drains your maximum health when unequipped.
Scrolls
 e - a scroll of fog {unknown}
 f - a scroll of fear {unknown}
 g - a scroll of enchant armour {unknown}
 j - a scroll of teleportation {unknown}
 k - a scroll of acquirement {unknown}
 l - a scroll of identify {unknown}
Potions
 h - a potion of curing


   Skills:
 - Level 2.1 Fighting
 + Level 10.2 Polearms
 - Level 2.0 Throwing
 - Level 4.0 Dodging


You had 5 spell levels left.
You didn't know any spells.
Your spell library was empty.

Dungeon Overview and Level Annotations

Branches:
Dungeon (3/15)

Altars:


Innate Abilities, Weirdness & Mutations

((You are very nimble when in or above water. (Stealth+, EV+, Speed+++)))
Your lower body shifts to a powerful aquatic tail in water.


Message History

You are too injured to fight recklessly!
You are too injured to fight recklessly!
You are too injured to fight recklessly!
You are too injured to fight recklessly!
You are too injured to fight recklessly!
You are too injured to fight recklessly!
You are too injured to fight recklessly!
You are too injured to fight recklessly!
You are too injured to fight recklessly!
You are too injured to fight recklessly!
You are too injured to fight recklessly!
Unknown command.
You hit the orc but do no damage.
The orc is severely wounded.
The orc closely misses you.
You hit the orc.
The orc is almost dead.
You closely miss the orc priest. The orc priest barely misses you.
The orc hits you with a +0 mace.
You closely miss the orc.
The orc is almost dead.
The orc priest closely misses you. The orc closely misses you.
You puncture the orc priest!
The orc priest is severely wounded.
The orc priest hits you but does no damage.
The orc misses you.
You hit the orc priest.
The orc priest is almost dead.
The orc priest calls down the wrath of Beogh upon you.
Beogh smites you!
* * * LOW HITPOINT WARNING * * *
The orc hits you with a +0 mace.
* * * LOW HITPOINT WARNING * * *
You barely miss the orc priest.
The orc priest is severely wounded.
You hit the orc priest.
The orc priest is almost dead.
The orc priest mumbles some strange prayers to Beogh against you.
Beogh smites you!
You die...

### ..# #.# ######## # #.#
#####.......
..#.###.#####...........
.......o).....###.......
......o@#########.......
........................
........#############...
........# #............
........# #.###########
........####.#
.............#########
.....................#
##################.........#


You could see an orc priest and an orc.

Vanquished Creatures
  Grinder (D:3)
  Terence (D:2)
  4 adders
  A worm (D:2)
  2 dart slugs
  2 orcs (D:3)
  5 ball pythons
  2 endoplasms (D:1)
  3 giant cockroaches
  3 goblins
  5 hobgoblins
  11 jackals
  2 quokkas (D:1)
  6 bats
  3 frilled lizards
  5 kobolds
  A rat (D:2)
57 creatures vanquished.

Notes
Turn   | Place    | Note
-------+----------+-------------------------------------------
     0 | D:1      | DocClef the Merfolk Gladiator began the quest for the Orb.
     0 | D:1      | Reached XP level 1. HP: 16/16 MP: 1/1
    64 | D:1      | Reached skill level 5 in Polearms
    87 | D:1      | Reached XP level 2. HP: 22/22 MP: 2/2
   397 | D:1      | Reached skill level 6 in Polearms
   397 | D:1      | Reached XP level 3. HP: 26/27 MP: 3/3
   872 | D:1      | Found a faded altar of an unknown god.
  1010 | D:2      | Noticed Terence
  1022 | D:2      | Killed Terence
  1023 | D:2      | Reached skill level 7 in Polearms
  1023 | D:2      | Reached XP level 4. HP: 24/33 MP: 4/4
  1669 | D:2      | Identified the +2 scale mail "Icrih" {Drain rElec Regen+
                  | Dex-3}
  1697 | D:3      | Noticed Grinder
  1723 | D:3      | Paralysed by Grinder for 5 turns
  1744 | D:3      | Paralysed by Grinder for 2 turns
  1759 | D:3      | Killed Grinder
  1760 | D:3      | Reached skill level 9 in Polearms
  1760 | D:3      | Reached XP level 5. HP: 32/38 MP: 5/5
  1760 | D:3      | Reached XP level 6. HP: 37/44 MP: 6/6
  1902 | D:3      | Reached skill level 10 in Polearms
  2107 | D:3      | Killed from afar by an orc priest

Illustrated notes

Levels and vault maps discovered:
D:1:      minmay_arrival_four_circles, layout_loops_ring,
          shapermc_ecumenical_altar_acropolis
D:2:      layout_rooms, uniq_terence
D:3:      layout_basic, uniq_grinder

Skill      XL: |  1  2  3  4  5  6 |
---------------+-------------------+-----
Polearms       | 5 6 7 9 10 | 10.2
Fighting       | |  2.1
Throwing       | |  2.0
Dodging        | |  4.0

Action                   |  1- 3 |  4- 6 || total
-------------------------+-------+-------++-------
Melee: Trident           |   104 |   134 ||   238
  Use: Potion            |       |     2 ||     2
 Stab: Sleeping          |     6 |       ||     6
Armor: Leather armour    |    17 |       ||    17
       Scale mail        |       |    48 ||    48
Dodge: Dodged            |    67 |    53 ||   120
